 Dungeon Crawl Stone Soup version 0.26-a0-662-g8b9c6dab81 (webtiles) character file.

Game seed: 15513757811564121910

25091 mobtown the Artisan of Death (level 12, -12/64 HPs)
             Began as a Deep Elf Necromancer on Oct 9, 2020.
             Was a Priest of Kikubaaqudgha.
             Killed from afar by a shock serpent (16 damage)
             ... with a bolt of electricity
             ... on level 1 of the Snake Pit.
             The game lasted 01:59:42 (23488 turns).

mobtown the Artisan of Death (DENe)                Turns: 23488, Time: 01:59:43

Health: -12/64     AC:  7    Str:  5    XL:     12   Next: 86%
Magic:  24/31      EV: 16    Int: 26    God:    Kikubaaqudgha [***...]
Gold:   861        SH: 12    Dex: 15    Spells: 15/37 levels left

rFire    . . .     SeeInvis .   q - +2 dagger (venom)
rCold    + + .     Faith    .   h - +2 buckler
rNeg     . . .     Spirit   .   R - +2 animal skin {rC+}
rPois    +         Reflect  +   (no helmet)
rElec    .         Harm     .   j - +0 cloak
rCorr    .         Rampage  .   l - +0 pair of gloves
MR       +....                  M - +0 pair of boots
Stlth    ++++......             B - amulet of reflection
HPRegen  0.20/turn              t - ring of protection from cold
MPRegen  0.22/turn              E - ring of poison resistance

@: confusing touch
A: no striking features
a: Receive Corpses, Renounce Religion


You were on level 1 of the Snake Pit.
You worshipped Kikubaaqudgha.
Kikubaaqudgha was most pleased with you.
You visited 4 branches of the dungeon, and saw 12 of its levels.
You also visited: Sewer and Ice Cave.

You collected 861 gold pieces.

Inventory:

Hand Weapons
 q - a +2 dagger of venom (weapon)
 v - a +3 dagger of holy wrath
 G - a +3 dagger of draining
 J - a cursed +0 short sword
Missiles
 c - 290 arrows
 f - 419 stones (quivered)
Armour
 h - a +2 buckler (worn)
 j - a +0 cloak (worn)
 l - a +0 pair of gloves (worn)
 M - a +0 pair of boots (worn)
 R - a +2 animal skin of cold resistance (worn)
 S - a scarf of shadows
Magical Staves
 k - an uncursed staff of poison
 H - an uncursed staff of fire
Jewellery
 d - an uncursed ring of protection from fire
 g - an uncursed amulet of the acrobat
 i - an uncursed ring of protection from cold
 t - a ring of protection from cold (left hand)
 z - an uncursed ring of ice
 A - an uncursed ring of positive energy
 B - an amulet of reflection (around neck)
 E - a ring of poison resistance (right hand)
Wands
 o - a wand of enslavement (3)
 C - a wand of iceblast (3)
 L - a wand of acid (15)
 N - a wand of flame (12)
 O - a wand of polymorph (10)
Scrolls
 b - 7 scrolls of remove curse
 e - a scroll of blinking
 n - 3 scrolls of immolation
 y - 3 scrolls of teleportation
 D - 3 scrolls of amnesia
 K - a scroll of fog
 P - a scroll of magic mapping
 Q - a scroll of enchant armour {unknown}
 U - a scroll of vulnerability {unknown}
Potions
 a - a potion of heal wounds
 m - a potion of might
 p - 2 potions of lignification
 r - 5 potions of flight
 s - a potion of brilliance
 u - 5 potions of stabbing
 w - 2 potions of magic
 x - 2 potions of cancellation
 F - a potion of resistance {unknown}
 I - a potion of haste
 T - a potion of invisibility {unknown}


   Skills:
 + Level 3.0 Fighting
 + Level 5.8 Short Blades
 + Level 0.6 Staves
 + Level 3.1 Armour
 + Level 6.4 Dodging
 + Level 8.0 Stealth
 + Level 4.8 Shields
 + Level 13.3 Spellcasting
 + Level 9.7 Hexes
 * Level 15.0 Necromancy
 + Level 0.5 Evocations


You had 15 spell levels left.
You knew the following spells:

 Your Spells              Type           Power        Failure   Level
a - Pain                  Necr           ####         0%          1
b - Vampiric Draining     Necr           #######...   1%          3
c - Animate Skeleton      Necr           ######       0%          1
d - Confusing Touch       Hex            ######..     1%          3
e - Animate Dead          Necr           #######...   1%          4
f - Dispel Undead         Necr           #######.     1%          4
g - Death Channel         Necr           #######...   1%          6

Your spell library contained the following spells:

 Spells                   Type           Power        Failure   Level
 Sublimation of Blood     Necr           #######...   0%          2
 Agony                    Necr           #######.     1%          5
 Excruciating Wounds      Necr           #######...   1%          5
 Gell's Gravitas          Tloc           ###.......   10%         3
 Metabolic Englaciation   Hex/Ice        #####.....   12%         5
 Yara's Violent Unravell  Hex/Tmut       #####.....   12%         5
 Simulacrum               Ice/Necr       ######....   22%         6
 Petrify                  Tmut/Erth      ###.....     32%         4


Dungeon Overview and Level Annotations

Branches:
Dungeon (8/15)             Temple (1/1) D:6            Lair (2/6) D:8
  Snake (1/4) Lair:2        Sewer (visited)           IceCv (visited)
  Swamp: Lair:2-4    Shoals: Lair:2-4

Altars:
Ashenzari
Cheibriados
Gozag
Kikubaaqudgha
Ru
Trog
Wu Jian
Jiyva

Annotations:
D:4 1 runed translucent door, HellBreezer's ghost, weakling DrDe


Message History

The shock serpent's electric aura discharges, shocking you!
You block the shock serpent's attack. The shock serpent bites you!
The shock serpent shocks you!
* * * LOW HITPOINT WARNING * * *
Casting: Vampiric Draining (safe; 1% risk of failure)
Confirm with . or Enter, or press ? or * to list all spells.
Aiming: Vampiric Draining (safe; 1% risk of failure)
Press: ? - help, Shift-Dir - straight line, f/p - shock serpent
Aim: a shock serpent (moderately wounded, chance to confuse on hit: 62%)
The shock serpent is severely wounded.
You feel life coursing into your body!
The shock serpent's electric aura discharges, shocking you!
* * * LOW HITPOINT WARNING * * *
The shock serpent completely misses you.
Press: ? - help, Dir - move target cursor, p - shock serpent
As you read the scroll of blinking, it crumbles to dust.
The shock serpent shoots out a bolt of lightning at you!
The bolt of electricity hits you!
You die...
Kikubaaqudgha rasps: "You have failed me!
Welcome... death!"

##...)..##.##.#.###.
.'......##.#..#...#.
##...♣..##.#.##.#.#) #...
#...♣....#.#.##.#.#. #...
#........#.#.##.#.#. #....
#........#.#.##.#... #....
#........#.#.##.#.#.
##....##........#.#.##.#...
.'.....#..@.....#.#.##)##..
##.....#.#####..#.#.##.....
...........................
#.##.#S###.####.#.#.##.....
##'##'#.....# #...#.##.....
........##### #...#.##.....
..♣♣♣..S# #.....##.....
♣...§# ##..####.#'##
♣♣...##########.## #.#.#


You could see a shock serpent.

Vanquished Creatures
  A hydra (Lair:1)
  Harold (D:8)
  A naga warrior (Snake:1)
  A catoblepas (Lair:2)
  2 death yaks (IceCv)
  A shock serpent (Snake:1)
  A naga sharpshooter (Snake:1)
  A mana viper (Snake:1)
  An oklob plant (Lair:1)
  2 naga magi (Snake:1)
  A cane toad (Lair:1)
  5 black mambas
  2 rime drakes (Lair:2)
  A komodo dragon (Lair:2)
  11 polar bears (IceCv)
  A hornet (D:8)
  Sigmund (D:5)
  27 yaks
  2 basilisks (Lair:1)
  4 nagas
  8 water moccasins
  3 orc warriors
  An ice beast (D:6)
  3 sky beasts
  6 black bears
  4 ogres
  2 phantoms
  13 wolves
  4 centaurs
  A big kobold (Sewer)
  11 bullfrogs
  5 scorpions
  2 howler monkeys
  A bullfrog zombie (D:6)
  A centaur zombie (D:6)
  2 jellies
  4 orc priests
  A bullfrog skeleton (D:5)
  3 hounds
  2 iguanas (D:6)
  5 orc wizards
  3 centaur skeletons
  10 worker ants
  A hound zombie (D:5)
  4 gnolls (D:7)
  9 adders
  2 shadow imps
  2 white imps
  An ufetubus (D:6)
  3 oozes
  2 adder skeletons
  2 worms
  2 dart slugs (D:1)
  12 leopard geckos
  33 orcs
  5 ball pythons
  11 giant cockroaches
  12 goblins
  14 hobgoblins
  3 jackals (D:1)
  6 quokkas
  12 bats
  4 frilled lizards
  21 kobolds
  A leopard gecko zombie (D:5)
  9 rats
333 creatures vanquished.

Vanquished Creatures (collateral kills)
  A frost giant (IceCv)
  The ghost of IdlyInterested the Peltast, a journeyman FoGl of Okawaru (Lair:2)
  A death yak (IceCv)
  A salamander (Snake:1)
  4 slime creatures (Lair:2)
  A black mamba (Snake:1)
  An ice statue (IceCv)
  5 yaks (IceCv)
  6 wolves
  3 jellies (Lair:2)
24 creatures vanquished.

Vanquished Creatures (others)
  A polar bear (IceCv)
  A yak (Lair:1)
  A wolf (IceCv)
  31 fungi
  49 plants
83 creatures vanquished.

Grand Total: 440 creatures vanquished

Notes
Turn   | Place    | Note
-------+----------+-------------------------------------------
     0 | D:1      | mobtown the Deep Elf Necromancer began the quest for the
                  | Orb.
     0 | D:1      | Reached XP level 1. HP: 10/10 MP: 6/6
   108 | D:1      | Reached skill level 5 in Necromancy
   459 | D:1      | Reached XP level 2. HP: 13/15 MP: 4/8
  1234 | D:1      | Reached XP level 3. HP: 15/19 MP: 6/10
  1239 | D:1      | Learned a level 3 spell: Vampiric Draining
  1241 | D:1      | Learned a level 1 spell: Animate Skeleton
  2763 | D:2      | Reached XP level 4. HP: 12/24 MP: 0/12
  2808 | D:2      | Reached skill level 6 in Necromancy
  3597 | D:3      | Noticed an ogre
  3609 | D:3      | Killed an ogre
  3609 | D:3      | Reached skill level 5 in Spellcasting
  3609 | D:3      | Reached XP level 5. HP: 8/28 MP: 4/14
  3865 | D:3      | Found a glowing drain.
  3935 | Sewer    | Entered a sewer
  3988 | Sewer    | Reached skill level 7 in Necromancy
  3988 | Sewer    | Reached XP level 6. HP: 32/32 MP: 7/16
  6413 | D:4      | Reached skill level 8 in Necromancy
  6413 | D:4      | Reached XP level 7. HP: 22/36 MP: 5/18
  6673 | D:4      | Noticed HellBreezer's ghost (weakling DrDe)
  6676 | D:4      | Found a runed translucent door.
  7097 | D:5      | Entered Level 5 of the Dungeon
  7611 | D:5      | Reached skill level 1 in Short Blades
  8322 | D:5      | Reached skill level 1 in Armour
  8451 | D:5      | Reached skill level 1 in Shields
  8451 | D:5      | Reached skill level 9 in Necromancy
  8474 | D:5      | Reached XP level 8. HP: 41/42 MP: 16/20
  8559 | D:5      | Noticed Sigmund
  8575 | D:5      | Killed Sigmund
  9621 | D:6      | Found a staircase to the Ecumenical Temple.
  9630 | Temple   | Entered the Ecumenical Temple
  9683 | Temple   | Became a worshipper of Kikubaaqudgha
  9731 | D:6      | Reached skill level 1 in Fighting
  9901 | D:6      | Reached skill level 10 in Necromancy
 10559 | D:6      | Reached XP level 9. HP: 34/47 MP: 16/23
 11261 | D:6      | Reached skill level 11 in Necromancy
 11748 | D:7      | Reached * piety under Kikubaaqudgha
 11748 | D:7      | Identified Kikubaaqudgha's Incunabulum of Dark Rites
                  | (Kikubaaqudgha gifted it to you on level 7 of the Dungeon)
 11748 | D:7      | Received a gift from Kikubaaqudgha
 12391 | D:7      | Learned a level 3 spell: Confusing Touch
 13050 | D:8      | Noticed Harold
 13076 | D:8      | Killed Harold
 13076 | D:8      | Reached skill level 1 in Hexes
 13076 | D:8      | Reached XP level 10. HP: 32/53 MP: 2/25
 13598 | D:8      | Reached ** piety under Kikubaaqudgha
 13598 | D:8      | Reached skill level 12 in Necromancy
 13725 | D:8      | Found a staircase to the Lair.
 13742 | D:8      | Reached skill level 5 in Dodging
 13745 | D:8      | Reached skill level 10 in Spellcasting
 14007 | D:8      | Paralysed by a hornet for 3 turns
 14641 | D:8      | Found an opulent altar of Gozag.
 14980 | Lair:1   | Entered Level 1 of the Lair of Beasts
 15207 | Lair:1   | Noticed a cane toad
 15271 | Lair:1   | Reached skill level 5 in Short Blades
 15271 | Lair:1   | Noticed a black mamba
 15293 | Lair:1   | Killed a black mamba
 15468 | Lair:1   | Reached skill level 5 in Hexes
 15719 | Lair:1   | Killed a cane toad
 15890 | Lair:1   | Reached skill level 5 in Stealth
 16049 | Lair:1   | Noticed an oklob plant
 16069 | Lair:1   | Killed an oklob plant
 16069 | Lair:1   | Reached XP level 11. HP: 58/58 MP: 24/27
 16255 | Lair:1   | Noticed an eight-headed hydra
 16269 | Lair:1   | Killed an eight-headed hydra
 17075 | Lair:2   | Noticed a catoblepas
 17107 | Lair:2   | Found a runed translucent gate.
 17107 | Lair:2   | Found a runed translucent gate.
 17107 | Lair:2   | Found a runed translucent gate.
 17109 | Lair:2   | Found a viscous altar of Jiyva.
 17109 | Lair:2   | Noticed IdlyInterested's ghost (journeyman FoGl)
 17182 | Lair:2   | Found a frozen archway.
 17195 | Lair:2   | Reached skill level 13 in Necromancy
 17227 | IceCv    | Entered an ice cave
 17406 | IceCv    | Learned a level 4 spell: Animate Dead
 18084 | IceCv    | HP: 1/59 [yak (14)]
 18089 | IceCv    | Reached *** piety under Kikubaaqudgha
 18089 | IceCv    | Identified Kikubaaqudgha's Reference Book on Darkness
                  | (Kikubaaqudgha gifted it to you in an ice cave)
 18089 | IceCv    | Received a gift from Kikubaaqudgha
 18104 | IceCv    | Learned a level 4 spell: Dispel Undead
 18111 | IceCv    | Learned a level 6 spell: Death Channel
 19052 | IceCv    | Noticed a death yak
 19052 | IceCv    | Noticed a death yak
 19102 | IceCv    | Killed a death yak
 19103 | IceCv    | Killed a death yak
 19210 | IceCv    | Reached XP level 12. HP: 44/64 MP: 21/29
 19377 | IceCv    | Noticed a death yak
 19377 | IceCv    | Noticed a frost giant
 20409 | IceCv    | Killed a death yak
 20415 | IceCv    | Reached skill level 14 in Necromancy
 20707 | IceCv    | Killed a frost giant
 20983 | Lair:2   | Killed a catoblepas
 21370 | Lair:2   | Found a staircase to the Snake Pit.
 21811 | Lair:2   | Killed IdlyInterested's ghost
 22290 | Snake:1  | Entered Level 1 of the Snake Pit
 23227 | Snake:1  | Noticed a naga warrior
 23255 | Snake:1  | Killed a naga warrior
 23255 | Snake:1  | Reached skill level 15 in Necromancy
 23484 | Snake:1  | HP: 3/64 [shock serpent/electric aura (18)]
 23488 | Snake:1  | Killed from afar by a shock serpent

Illustrated notes

Levels and vault maps discovered:
D:1:      evilmike_arrival_plus, layout_basic
D:2:      cheibrodos_greedy_goblins, layout_basic
D:3:      layout_loops_corners, gup_sewer_entry_pipe
D:4:      layout_basic, hellmonk_ghost_happy_afterlife
D:5:      lemuel_ice_spiral_2, layout_basic, uniq_sigmund
D:6:      layout_basic, minmay_temple_entry_statues_pillars
D:7:      layout_loops_corners
D:8:      layout_cave_pods, nicolae_overflow_hidden_temple,
          due_lair_maze_entry_diamond, uniq_harold
Temple:   roderic_octagonal_lattice_temple
Lair:1:   layout_layer_cave, minmay_lair_oklob_chamber
Lair:2:   layout_regular_city, minmay_snake_entry_guardpost_small,
          portal_ice_cave_rime, gammafunk_ghost_ooze
Snake:1:  layout_basic, serial_bayou_shore_b

Skill      XL: |  1  2  3  4  5  6  7  8  9 10 11 12 |
---------------+-------------------------------------+-----
Necromancy     | 5 6 7 8 9 10 11 12 13 15 | 15.0
Stealth        | 3 4 5 6 8 |  8.0
Spellcasting   | 4 5 6 7 8 9 10 11 13 | 13.3
Short Blades   | 1 3 4 5 |  5.8
Armour         | 1 2 3 |  3.1
Dodging        | 3 4 5 6 |  6.4
Shields        | 1 2 3 4 |  4.8
Fighting       | 1 2 3 |  3.0
Hexes          | 1 5 8 9 |  9.7
Staves         | |  0.6
Evocations     | |  0.5

Action                   |  1- 3 |  4- 6 |  7- 9 | 10-12 || total
-------------------------+-------+-------+-------+-------++-------
Melee: Staff             |     4 |    18 |       |       ||    22
       Dagger            |     1 |    47 |   474 |   678 ||  1200
 Cast: Pain              |    88 |   125 |    32 |     2 ||   247
       Vampiric Draining |       |    13 |    49 |    88 ||   150
       Animate Skeleton  |       |     1 |       |       ||     1
       Confusing Touch   |       |       |       |    84 ||    84
       Animate Dead      |       |       |       |    27 ||    27
       Death Channel     |       |       |       |     7 ||     7
Invok: Receive Corpses   |       |       |       |     9 ||     9
Evoke: Wand              |       |       |       |    19 ||    19
  Use: Scroll            |       |     7 |     8 |     9 ||    24
       Potion            |       |     3 |       |    13 ||    16
 Stab: Sleeping          |       |     6 |     6 |     9 ||    21
       Distracted        |       |     1 |       |       ||     1
       Confused          |       |       |       |    75 ||    75
Armor: Robe              |     3 |    14 |     2 |       ||    19
       Leather armour    |       |       |    55 |    45 ||   100
       Animal skin       |       |       |       |     9 ||     9
Dodge: Dodged            |    18 |    57 |   153 |   241 ||   469
Block: Buckler           |     3 |    20 |   209 |   329 ||   561
       Reflection        |       |       |    11 |     7 ||    18

Table legend: (Time is in decaauts)
 A = Elapsed time spent in this place.
 B = Non-inter-level travel time spent in this place.
 C = Inter-level travel time spent in this place.
 D = Time resting spent in this place.
 E = Time spent auto-exploring this place.
 F = Levels seen in this place.
 G = Mean time per level.
                   A        B        C        D        E       F      G
               +--------+--------+--------+--------+--------+-----+--------+
         Total |  23260 |  23001 |    259 |  10027 |   7666 |  14 | 1661.4 |
       Dungeon |  14300 |  14102 |    198 |   5508 |   6055 |   8 | 1787.5 |
        Temple |     69 |     68 |      1 |      0 |     31 |   1 |   69.0 |
          Lair |   3446 |   3387 |     59 |   1214 |   1382 |   2 | 1723.0 |
     Snake Pit |   1178 |   1178 |      0 |    556 |      0 |   1 | 1178.0 |
         Sewer |    740 |    740 |      0 |    381 |     91 |   1 |  740.0 |
      Ice Cave |   3524 |   3524 |      0 |   2367 |    106 |   1 | 3524.0 |
               +--------+--------+--------+--------+--------+-----+--------+

Top non-repeatable levels by time:
   IceCv: 3524 daAuts
     D:6: 2146 daAuts
     D:5: 2103 daAuts
     D:8: 1931 daAuts
     D:1: 1801 daAuts
  Lair:1: 1746 daAuts
     D:3: 1711 daAuts
  Lair:2: 1700 daAuts
     D:7: 1670 daAuts
     D:2: 1635 daAuts
     D:4: 1298 daAuts
 Snake:1: 1178 daAuts
   Sewer: 740 daAuts
  Temple: 69 daAuts
